Map: King Sejong Station LE

Players

docTrNIC

  • Race: Protoss Protoss
  • League: Silver

Gracz - Winner!

  • Race: Zerg Zerg
  • League: Silver

VOD

Have the link to the VOD?

Description

Time

  • Played on: Nov. 1, 2016, 1:42 p.m.
  • Length: 19:26
Show
View Real Time Build Order
Export as new Build Order

docTrNIC Protoss 

Build Orders: 1 Gate Expand 

Get SALT Encoding   

  12  0:00  Probe (Chrono Boost)  
  13  0:11  Probe (Chrono Boost)  
  14  0:19  Pylon  
  14  0:26  Probe (Chrono Boost)  
  15  0:39  Gateway  
  15  0:43  Probe (Chrono Boost)  
  16  0:59  Probe (Chrono Boost)  
  16  1:01  Assimilator  
  17  1:09  Probe (Chrono Boost)  
  18  1:23  Unknown, Nexus  
  18  1:31  Cybernetics Core  
  18  1:37  Assimilator  
  18  1:40  Probe (Chrono Boost)  
  19  1:51  Probe (Chrono Boost)  
  21  2:01  Probe (Chrono Boost)  
  21  2:08  Warp Gate  
  21  2:12  Probe (Chrono Boost)  
  23  2:22  Pylon  
  23  2:23  Probe (Chrono Boost)  
  23  2:35  Unknown  
  25  2:48  Adept  
  24  2:53  Probe x2 (Chrono Boost)  
  26  3:04  Mothership Core (Chrono Boost), Probe (Chrono Boost)  
  29  3:10  Pylon  
  29  3:19  Adept  
  31  3:20  Pylon  
  31  3:31  Robotics Facility  
  31  3:41  Gateway  
  31  3:43  Pylon  
  31  3:46  Gateway, Probe x2 (Chrono Boost)  
  33  3:57  Probe (Chrono Boost)  
  32  4:14  Probe x2 (Chrono Boost)  
  34  4:20  Adept  
  36  4:25  Probe x2 (Chrono Boost)  
  38  4:33  Assimilator  
  38  4:35  Warp Prism  
  40  4:40  Assimilator  
  40  4:47  Adept x2  
  44  4:55  Probe (Chrono Boost)  
  44  4:56  Probe (Chrono Boost)  
  46  5:06  Probe x2 (Chrono Boost)  
  48  5:11  Immortal  
  48  5:12  Stalker  
  48  5:13  Stalker x2  
  58  5:16  Probe (Chrono Boost)  
  59  5:32  Probe x2 (Chrono Boost)  
  61  5:37  Adept  
  61  5:39  Adept  
  66  5:43  Probe x2 (Chrono Boost)  
  66  5:46  Stargate  
  67  5:51  Forge  
  67  5:53  Probe (Chrono Boost)  
  67  5:54  Pylon  
  68  5:58  Pylon  
  62  6:29  Protoss Ground Weapons Level 1  
  62  6:31  Phoenix  
  62  6:40  Adept x3  
  68  6:51  Probe x2 (Chrono Boost)  
  70  6:56  Photon Cannon  
  70  6:58  Phoenix  
  70  7:01  Photon Cannon  
  72  7:02  Probe (Chrono Boost)  
  72  7:03  Pylon  
  72  7:06  Pylon  
  73  7:10  Sentry x3, Pylon  
  79  7:17  Gateway  
  79  7:20  Gateway  
  79  7:22  Pylon  
  79  7:23  Phoenix  
  79  7:24  Probe x2 (Chrono Boost)  
  83  7:34  Probe (Chrono Boost)  
  84  7:38  Forge  
  84  7:42  Twilight Council  
  84  7:47  Adept x2  
  84  7:48  Adept  
  90  7:53  Phoenix  
  92  8:17  Zealot  
  92  8:18  Phoenix  
  96  8:31  Protoss Ground Armor Level 1  
  96  8:32  Protoss Shields Level 1  
  96  8:36  Blink  
  96  8:40  Adept x2  
  100  8:41  Adept  
  100  8:45  Phoenix  
  104  8:54  Observer  
  105  9:04  Probe (Chrono Boost)  
  105  9:05  Probe (Chrono Boost)  
  107  9:10  Phoenix  
  107  9:15  Probe x2 (Chrono Boost)  
  107  9:16  Observer  
  112  9:22  Adept x3  
  114  9:43  Phoenix  
  116  9:46  Sentry  
  118  10:16  Unknown, Nexus  
  118  10:24  Oracle  
  113  10:32  Adept x2  
  117  11:01  Pylon  
  117  11:02  Oracle  
  117  11:03  Pylon  
  80  11:21  Sentry  
  80  11:22  Sentry x3  
  80  11:23  Sentry  
  90  11:27  Unknown  
  88  12:05  Void Ray  
  93  12:08  Probe (Chrono Boost)  
  93  12:12  Photon Cannon  
  93  12:13  Photon Cannon  
  93  12:14  Adept x4  
  93  12:15  Adept  
  103  12:19  Probe (Chrono Boost)  
  104  12:29  Probe (Chrono Boost)  
  105  12:30  Assimilator  
  105  12:33  Observer  
  105  12:35  Assimilator  
  106  12:39  Protoss Shields Level 2  
  106  12:40  Probe (Chrono Boost)  
  107  12:44  Sentry x2  
  107  12:45  Sentry  
  107  12:46  Stalker  
  107  12:48  Void Ray  
  107  12:51  Stalker  
  121  12:54  Observer  
  122  13:35  Stargate, Immortal  
  126  13:49  Void Ray  
  126  14:14  Immortal  
  128  14:22  Void Ray  
  132  14:32  Void Ray  
  136  14:45  Fleet Beacon  
  136  14:54  Protoss Ground Armor Level 2  
  136  15:04  Unknown, Nexus  
  136  15:05  Void Ray  
  140  15:16  Void Ray  
  112  15:48  Void Ray  
  112  15:49  Probe (Chrono Boost)  
  117  15:53  Stargate  
  117  15:55  Void Ray  
  117  16:01  Pylon  
  117  16:02  Pylon  
  121  16:04  Pylon  
  121  16:08  Assimilator  
  119  16:12  Assimilator  
  119  16:16  Unknown  
  119  16:30  Pylon  
  119  16:32  Pylon  
  125  16:36  Pylon  
Show
View Real Time Build Order
Export as new Build Order

Gracz Zerg - Winner!

Build Orders: Hatch First 

Get SALT Encoding   

  12  0:01  Drone  
  13  0:14  Overlord  
  13  0:24  Drone  
  14  0:30  Extractor  
  14  0:31  Drone  
  15  0:36  Drone  
  15  0:38  Drone  
  17  0:58  Unknown, Hatchery  
  16  1:06  Drone x2  
  18  1:16  Spawning Pool  
  17  1:19  Extractor  
  17  1:21  Drone  
  17  1:24  Drone  
  18  1:37  Drone  
  19  1:46  Drone  
  20  1:59  Overlord  
  20  2:04  Zergling x2  
  21  2:10  Unknown  
  21  2:15  Extractor  
  20  2:26  Drone x3  
  20  2:27  Drone  
  24  2:35  Drone  
  25  2:44  Zergling x4  
  25  2:46  Queen x2  
  31  3:01  Evolution Chamber  
  31  3:03  Evolution Chamber  
  29  3:07  Drone x4  
  33  3:19  Unknown, Drone x2, Hatchery  
  34  3:23  Lair  
  34  3:28  Drone x2  
  36  3:41  Overlord x2  
  36  3:52  Zerg Melee Weapons Level 1, Zerg Ground Armor Level 1  
  36  4:07  Zergling x4  
  36  4:08  Zergling x8  
  41  4:11  Overlord  
  41  4:14  Drone x2  
  43  4:19  Metabolic Boost  
  43  4:22  Zergling x2  
  44  4:26  Drone x2  
  44  4:29  Extractor  
  44  4:31  Unknown  
  45  4:37  Queen  
  47  4:39  Pneumatized Carapace  
  47  4:49  Spire  
  46  4:57  Infestation Pit  
  46  4:58  Drone x3  
  48  5:03  Extractor  
  47  5:18  Drone x8  
  55  5:27  Overlord x2  
  55  5:34  Overseer x2  
  55  5:47  Zerg Melee Weapons Level 2  
  53  6:27  Zergling x2  
  53  6:28  Zergling x36  
  53  6:29  Zergling x4  
  74  6:36  Hive  
  74  6:53  Overlord x4  
  74  7:14  Hydralisk Den  
  73  7:18  Zerg Ground Armor Level 2  
  73  7:20  Baneling Nest  
  72  7:42  Lurker Den  
  72  7:55  Extractor  
  72  7:57  Drone x7  
  72  7:58  Extractor, Drone x11  
  88  8:08  Baneling x5  
  88  8:09  Baneling x4  
  88  8:10  Baneling  
  88  8:11  Zergling x10  
  88  8:12  Zergling x4  
  95  8:29  Zerg Melee Weapons Level 3  
  95  8:35  Greater Spire  
  95  8:37  Ultralisk Cavern  
  94  8:54  Adrenal Glands  
  94  9:01  Drone x3  
  94  9:02  Drone  
  98  9:12  Drone x5  
  98  9:17  Unknown, Hatchery  
  100  9:27  Corruptor x3  
  101  9:43  Corruptor  
  101  9:44  Corruptor  
  105  9:46  Overlord  
  105  9:47  Overlord x3  
  105  10:05  Corruptor x2  
  105  10:06  Corruptor x6  
  121  10:25  Zerg Flyer Weapons Level 1  
  121  10:26  Muscular Augments  
  121  10:28  Unknown  
  121  10:35  Spire  
  120  10:44  Overlord x2  
  120  10:45  Overlord x5  
  120  10:50  Drone  
  120  10:51  Drone x4  
  120  10:55  Queen x2  
  120  10:56  Queen  
  104  11:21  Corruptor x5  
  104  11:23  Ultralisk  
  104  11:24  Zergling x10  
  121  11:51  Ultralisk x2  
  121  11:52  Zergling x6, Hydralisk x3  
  142  12:03  Drone x7  
  149  12:09  Overlord x2  
  149  12:30  Brood Lord  
  149  12:31  Brood Lord x3  
  157  12:37  Drone  
  157  12:38  Extractor x2, Drone x4  
  157  12:39  Chitinous Plating  
  160  12:55  Lurker x3  
  161  13:14  Hydralisk x4  
  161  13:15  Hydralisk x3  
  161  13:16  Zergling x18  
  182  13:27  Zerg Flyer Weapons Level 2  
  182  13:39  Zerg Flyer Armor Level 1  
  182  13:47  Ultralisk  
  182  13:48  Zergling x6  
  191  14:21  Brood Lord x3  
  197  14:30  Spore Crawler  
  196  14:32  Spore Crawler  
  196  14:35  Spore Crawler  
  196  14:36  Spore Crawler  
  193  14:40  Spore Crawler  
  193  14:43  Spore Crawler  
  191  14:46  Spore Crawler  
  191  14:48  Spore Crawler  
  191  14:50  Hydralisk  
  191  14:51  Hydralisk x4  
  183  15:50  Overseer  
  183  15:51  Overseer  
  183  15:55  Ultralisk  
  183  15:56  Ultralisk  
  195  15:57  Hydralisk x2  
  199  16:15  Lurker  
  200  16:27  Zerg Ground Armor Level 3  
Tags
 
Add a new tag
Caveats
  • Supply blocks, unpowered buildings, or Contaminate may cause inaccurate times.
  • Supply counts are checked every 10 seconds.